[Event "*** Titled Tuesday Blitz"]
[Site "Chess.com"]
[Date "2020.05.26"]
[Round "9"]
[White "m-garcett"]
[Black "MF1966Idrisov"]
[Result "0-1"]
[WhiteElo "1977"]
[BlackElo "2324"]
[TimeControl "180+1"]
[EndTime "11:52:40 PDT"]
[Termination "MF1966Idrisov won on time"]

1. e4 c5 2. Nf3 Nc6 3. d4 cxd4 4. Nxd4 Nf6 5. Nc3 g6 6. Be3 Bg7 7. Bc4 O-O 8. f3 Qb6 9. Bb3 Nxe4 10. Nd5 Qa5+ 11. c3 Nc5 12. Nxc6 dxc6 13. Nxe7+ Kh8 14. Nxc8 Raxc8 15. O-O Rcd8 16. Qc2 Rfe8 17. Bg5 f6 18. Bh4 Qb5 19. Rad1 Nxb3 20. Qxb3 Qxb3 21. axb3 Kg8 22. Rfe1 Rxe1+ 23. Rxe1 Kf7 24. Kf2 Rd2+ 25. Re2 Rd1 26. Bg3 Rb1 27. Bd6 Bf8 28. Bxf8 Kxf8 29. Ke3 Ke7 30.
Kd4+ Kd6 31. h3 b5 32. b4 a6 33. Ke4 Rd1 34. Kf4 Kd5 35. Re7 Kc4 36. Rxh7 Kb3 37.
Rf7 Rd6 38. g4 Kxb2 39. g5 fxg5+ 40. Kxg5 Kxc3 41. Ra7 c5 42. bxc5 Rc6 43. h4 b4 44.
Rb7 Rxc5+ 45. Kxg6 Rb5 46. Rc7+ Kd2 47. Rd7+ Ke2 48. h5 b3 49. Re7+ Kf2 50. h6 b2 51.
h7 b1=Q+ 52. Kg7 Rg5+ 53. Kf8 Qf5+ 54. Rf7 Qc8+ 55. Ke7 Re5+ 56. Kf6 Rf5+ 57. Kg6 Qe6+ 0-1

[Event "*** Titled Tuesday Blitz"]
[Site "Chess.com"]
[Date "2020.05.26"]
[Round "9"]
[White "Gerasimenyuk_Miha"]
[Black "TregubovP"]
[Result "0-1"]
[WhiteElo "2398"]
[BlackElo "2563"]
[TimeControl "180+1"]
[EndTime "11:52:41 PDT"]
[Termination "TregubovP won by resignation"]

1. d4 Nf6 2. Nf3 e6 3. Bg5 h6 4.
Bf4 c5 5. e3 b6 6. c3 Be7 7.
Nbd2 O-O 8. Bd3 Ba6 9. Bc2 d5 10. g4 Nc6 11. g5 hxg5 12. Nxg5 Bd6 13. Qf3 e5 14. dxe5 Nxe5 15. Bxe5 Bxe5 16. Qh3 Re8 17. O-O-O d4 18. Bh7+ Kf8 19. Ndf3 Nxh7 20. Nxh7+ Kg8 21. Nhg5 Qf6 22. Rhg1 Be2 23. Qh7+ Kf8 24. Qc2 Bxd1 25. Qxd1 Kg8 26. Qc2 Qg6 27. Qb3 dxc3 28. bxc3 c4 29. Qb5 Bf6 30. Ne6 Qe4 31. Ned4 Rad8 32. Qh5 Rd5 33.
Qh3 b5 34. Qh6 Rd6 35. Qh5 b4 36. Nd2 Qh7 37. Qf3 bxc3 38. Ne4 Qxe4 39. Qg3 Rxd4 40. exd4 Qxd4 41. Qf3 c2 42. Re1 Qb2+ 0-1

[Event "*** Titled Tuesday Blitz"]
[Site "Chess.com"]
[Date "2020.05.26"]
[Round "9"]
[White "Pavel_Mir"]
[Black "eightbyeightchess"]
[Result "0-1"]
[WhiteElo "2243"]
[BlackElo "2452"]
[TimeControl "180+1"]
[EndTime "11:52:41 PDT"]
[Termination "eightbyeightchess won by checkmate"]

1. e4 e6 2. d4 d5 3. Nd2 Nf6 4. e5 Nfd7 5. Bd3 c5 6. c3 Nc6 7. Ne2 cxd4 8. cxd4 f6 9. exf6 Nxf6 10. Nf3 Qc7 11. O-O Bd6 12. Nc3 a6 13. Be3 O-O 14. Rc1 h6 15. Na4 g5 16. Ne5 Bxe5 17.
dxe5 Qxe5 18. Re1 d4 19. Rxc6 bxc6 20. Bxd4 Qc7 21. Qf3 Qf7 22. Nb6 Rb8 23. Qh3 e5 24. Qxh6 exd4 25. Bc4 Nd5 26. Qxg5+ Qg7 27. Bxd5+ cxd5 28. Qxd5+ Kh8 29. Qh5+ Kg8 30. Qd5+ Be6 31. Qxe6+ Rf7 32.
Nd7 Kh8 33. Nxb8 d3 34. Qh3+ Qh7 35. Qxh7+ Kxh7 36. Nc6 Rc7 37. Ne5 d2 38. Rf1 Rc1 39.
Nf3 Rxf1+ 40. Kxf1 d1=Q+ 41. Ne1 Qa1 42. g3 Qxb2 43.
h4 Qxa2 44. Nf3 a5 45. Ng5+ Kg6 46. Kg2 Qd5+ 47. Nf3 a4 48. g4 a3 49. h5+ Kg7 50. Kg3 a2 51. g5 a1=Q 52. h6+ Kg6 53. Kg4 Qa4+ 54. Kg3 Qae4 55. h7 Qxf3+ 56. Kh2 Qg2# 0-1

[Event "*** Titled Tuesday Blitz"]
[Site "Chess.com"]
[Date "2020.05.26"]
[Round "9"]
[White "Ashedu66"]
[Black "cioxminator"]
[Result "0-1"]
[WhiteElo "2163"]
[BlackElo "2411"]
[TimeControl "180+1"]
[EndTime "11:52:42 PDT"]
[Termination "cioxminator won on time"]

1. d4 Nf6 2. Nf3 c5 3. d5 b5 4.
Bg5 Qb6 5. Bxf6 Qxf6 6. e4 Qxb2 7.
Nbd2 a6 8. a4 b4 9. Bc4 d6 10.
O-O Nd7 11. Re1 Qf6 12. e5 Nxe5 13. Nxe5 dxe5 14. Ne4 Qb6 15. d6 exd6 16. Bxf7+ Kd8 17. Qh5 Be7 18. Rad1 Kc7 19. Ng5 h6 20. Ne6+ Bxe6 21. Bxe6 Raf8 22. Qg6 Bf6 23. Qe4 Re8 24. Bf5 Re7 25.
Rd5 Rd8 26. Red1 Qc6 27. a5 Bg5 28. Bg4 Rf7 29. Bf3 Rf4 30. Qg6 Rxf3 31. Qxg7+ Rd7 32. Qg8 Rff7 33. Qg6 Rg7 34. Qe4 Bf4 35. f3 Bg5 36.
Qc4 Qb5 37. Qe4 Qc6 38. Qc4 Be3+ 39. Kh1 Bd4 40. Qd3 Rg5 41. Qe4 Rf7 42. R5xd4 exd4 43.
Qd3 Qb5 44. Qe4 Qc6 45. Qe6 Rfg7 0-1

[Event "*** Titled Tuesday Blitz"]
[Site "Chess.com"]
[Date "2020.05.26"]
[Round "9"]
[White "Gloomy_Wanderer"]
[Black "Koksik_13"]
[Result "1-0"]
[WhiteElo "2762"]
[BlackElo "2573"]
[TimeControl "180+1"]
[EndTime "11:52:43 PDT"]
[Termination "Gloomy_Wanderer won on time"]

1. d4 e6 2. c4 d5 3. Nf3 a6 4. cxd5 exd5 5. Bg5 Nf6 6. Nc3 c6 7.
e3 Be7 8. Bd3 Nbd7 9. O-O O-O 10. Qc2 Re8 11. Rae1 Nf8 12. h3 Be6 13. Bf4 Bd6 14.
Bxd6 Qxd6 15. a3 Rac8 16. Qb3 b5 17. Rc1 N6d7 18. Qb4 c5 19. dxc5 Nxc5 20. Rfd1 Qe7 21. Bb1 Red8 22. Ba2 Qf6 23. Bxd5 Nd3 24. Rxd3 Bxd5 25.
Rcd1 Bxf3 26. Rxd8 Rxd8 27. Rxd8 Qxd8 28. gxf3 h6 29. Kg2 Ng6 30. Qe4 Nh4+ 31. Kf1 Qg5 32. Qg4 Qd8 33. Ke2 Ng6 34. Qe4 Qc8 35. Nd5 Kh8 36.
h4 Nf8 37. h5 Ne6 38. Nc3 Qc5 39. Qd5 Qc7 40. f4 Qe7 41. Qa8+ Kh7 42. Qe4+ Kh8 43. Kf1 Qh4 44. Qf3 Qf6 45. Qa8+ Kh7 46. Qxa6 Nc5 47. Qxb5 Qd6 48. Qe2 1-0

[Event "*** Titled Tuesday Blitz"]
[Site "Chess.com"]
[Date "2020.05.26"]
[Round "9"]
[White "GeorgMeier"]
[Black "A-Adly"]
[Result "0-1"]
[WhiteElo "2970"]
[BlackElo "2846"]
[TimeControl "180+1"]
[EndTime "11:52:44 PDT"]
[Termination "A-Adly won by resignation"]

1. Nf3 d5 2. g3 Nf6 3. Bg2 b5 4. O-O Bb7 5. d3 Nbd7 6. c4 bxc4 7. dxc4 dxc4 8. Na3 c3 9. bxc3 e6 10. Nc4 Nb6 11.
Na5 Qxd1 12. Rxd1 Bd5 13. Ne5 Bd6 14. Nec6 O-O 15. Be3 Rfe8 16. Bd4 Ne4 17. Rac1 Ba3 18. Rc2 Nd6 19. Rb1 f6 20. g4 Bxg2 21. Kxg2 e5 22. Be3 Ndc4 23. Nxc4 Nxc4 24. Bc1 Bd6 25. Rb5 a6 26. Rd5 Re6 27. Na5 Nb6 28. Rd1 h5 29. h3 hxg4 30. hxg4 Bc5 31. Nb3 Be7 32. c4 Rc6 33. c5 Na4 34. Be3 Rb8 35. Rd7 Kf8 36.
Rc4 Nb2 37. Rc2 Na4 38. Rc4 Nb6 39. cxb6 Rxc4 40. bxc7 Rc8 41. Bb6 Ke8 42. Rd1 Rc6 43.
Ba5 Bd6 44. Rh1 Bxc7 45. Rh8+ Kd7 46. Rh7 Rg8 47. Bxc7 Rxc7 48. Kf3 Ke6 49. e3 Rc2 50. g5 Rxa2 51. g6 Kf5 52. Nc5 Kxg6 53. Rh1 a5 54. Ne6 Kf7 55. Nc5 Rc8 0-1

[Event "*** Titled Tuesday Blitz"]
[Site "Chess.com"]
[Date "2020.05.26"]
[Round "9"]
[White "Meri-Arabidze"]
[Black "K_A_S_T_O_R"]
[Result "0-1"]
[WhiteElo "2585"]
[BlackElo "2722"]
[TimeControl "180+1"]
[EndTime "11:52:44 PDT"]
[Termination "K_A_S_T_O_R won on time"]

1. d4 Nf6 2. c4 e6 3. Nf3 c5 4. d5 d6 5. Nc3 exd5 6. cxd5 g6 7. e4 a6 8. a4 Bg4 9. Be2 Bxf3 10. Bxf3 Bg7 11.
O-O O-O 12. Be2 Nbd7 13. Bg5 h6 14. Be3 Qe7 15. f3 Ne8 16. Qd2 Kh7 17. Bd3 Nc7 18.
f4 b5 19. e5 dxe5 20. f5 e4 21. d6 Qxd6 22. Nxe4 Qc6 23. axb5 Nxb5 24. Ng3 Rae8 25.
Kh1 Ne5 26. Be4 Qb6 27. Qc2 Nd4 28. Bxd4 cxd4 29. fxg6+ fxg6 30. Rxf8 Rxf8 31. h4 Rf4 32. Bd3 Rxh4+ 33. Kg1 Rg4 34. Ne4 Nf3+ 35. Kf2 Nh4 36. g3 Nf5 37. Rxa6 Qb8 38. Re6 Nxg3 39. Nd6 Qf8+ 40.
Ke1 Qf4 41. Bxg6+ Kg8 42. Re8+ Bf8 43. Qc4+ Kg7 44. Qc7+ Kxg6 45. Rxf8 Qxf8 46. Qd7 Qf1+ 47. Kd2 Qf4+ 48. Kd3 Kh5 49. Qe8+ Kh4 50. Qe7+ Kh3 51. Qe6 Qe3+ 0-1

[Event "*** Titled Tuesday Blitz"]
[Site "Chess.com"]
[Date "2020.05.26"]
[Round "9"]
[White "binbin239"]
[Black "anon569"]
[Result "1-0"]
[WhiteElo "2400"]
[BlackElo "2276"]
[TimeControl "180+1"]
[EndTime "11:52:44 PDT"]
[Termination "binbin239 won on time"]

1. d4 Nf6 2. c4 e6 3. Nf3 Bb4+ 4.
Bd2 c5 5. g3 Nc6 6. dxc5 Bxc5 7. Bg2 Qb6 8. O-O Qxb2 9. Nc3 Bb6 10. Nb5 Ne4 11. a4 a6 12. Rb1 Qf6 13. Na3 Bc5 14. Nc2 Nc3 15. Bxc3 Qxc3 16. Nce1 O-O 17. Nd3 Be7 18. c5 d6 19. cxd6 Bxd6 20. Nd2 Be7 21. Ne4 Qa5 22. Qc2 Rd8 23. Rfd1 Nd4 24. Qb2 e5 25. e3 Nc6 26. Qc2 Bf5 27. Rxb7 Rac8 28.
Qb2 Rxd3 29. Rxd3 Qe1+ 30. Bf1 Bxe4 31. Rc3 Re8 32. Rc1 Qa5 33. Rc4 Nd4 34. exd4 Bxb7 35. Qxb7 exd4 36. Rxd4 Bc5 37. Rf4 Rf8 38. Bc4 Qe1+ 39.
Kg2 Qe7 40. Qxa6 Bd6 41. Rf3 Bc5 42. Qc6 Kh8 43. a5 Bd6 44. a6 f5 45. a7 1-0

[Event "*** Titled Tuesday Blitz"]
[Site "Chess.com"]
[Date "2020.05.26"]
[Round "9"]
[White "BJthechessgod"]
[Black "The_Machine04"]
[Result "0-1"]
[WhiteElo "2116"]
[BlackElo "2290"]
[TimeControl "180+1"]
[EndTime "11:52:44 PDT"]
[Termination "The_Machine04 won on time"]

1. e4 d6 2. d4 Nf6 3. Nc3 e5 4. Nf3 Nbd7 5. Bc4 Be7 6. O-O c6 7. Be3 Qc7 8. Bb3 h6 9. Qd2 Nf8 10. Rad1 Bg4 11. Qe2 g5 12. h3 Bc8 13. dxe5 dxe5 14.
Nd2 Ng6 15. Nc4 Nf4 16. Bxf4 gxf4 17. Rd3 b5 18. Nd2 a5 19. a4 b4 20. Na2 Nd7 21. Qh5 Rh7 22. Nc4 Nc5 23. Rf3 Ba6 24. Nxe5 Nxb3 25. cxb3 Bxf1 26. Kxf1 O-O-O 27. Qf5+ Kb7 28. Rd3 Rxd3 29. Nxd3 Rg7 30. Qxf4 Qxf4 31. Nxf4 Bf6 32. Nd3 Bd4 33. Nac1 f6 34. Ne2 Rd7 35. Nxd4 Rxd4 36.
Ke2 Rxe4+ 37. Kd2 Kb6 38. f3 Re6 39. Nf4 Rd6+ 40. Ke2 Kc5 41. g4 Kd4 42. h4 Ke5 43.
Ng6+ Kd4 44. Nf4 c5 45. h5 c4 46. bxc4 Kxc4 47. Nd3 Rxd3 48. f4 Rb3 49. g5 fxg5 50. fxg5 Rxb2+ 51. Ke3 hxg5 52. h6 Rh2 53. h7 Rxh7 0-1

[Event "*** Titled Tuesday Blitz"]
[Site "Chess.com"]
[Date "2020.05.26"]
[Round "9"]
[White "Ranindu2003"]
[Black "ErikRonka"]
[Result "0-1"]
[WhiteElo "2498"]
[BlackElo "2388"]
[TimeControl "180+1"]
[EndTime "11:52:45 PDT"]
[Termination "ErikRonka won by resignation"]

1. e4 d5 2. exd5 Nf6 3. d4 Bg4 4. Bb5+ c6 5. dxc6 Nxc6 6. f3 Qa5+ 7. Nc3 Bf5 8. Ne2 O-O-O 9. Bxc6 bxc6 10. Bd2 e5 11.
Ne4 Qc7 12. N4g3 Be6 13. c3 h5 14. Qa4 h4 15. Ne4 Nxe4 16. fxe4 Bd6 17. Be3 Bg4 18. d5 c5 19. h3 Bh5 20. c4 f5 21. exf5 Rhf8 22.
Nc3 e4 23. Nb5 Bg3+ 24. Kd2 Qe5 25. Nxa7+ Kb7 26. Rab1 Rxf5 27. Nc6 Rxd5+ 28. cxd5 Qxd5+ 29. Nd4 cxd4 30. Qxd4 Qxd4+ 31. Bxd4 Bf4+ 32. Be3 Rd5+ 33. Kc3 Bxe3 34. Kc4 Rd4+ 35. Kc3 Rd7 36. Rhf1 Bd2+ 37. Kb3 e3 38. Rf5 Bg6 39. Rg5 Bxb1 40. Rb5+ Kc6 41.
Rg5 e2 42. Re5 e1=Q 0-1

[Event "*** Titled Tuesday Blitz"]
[Site "Chess.com"]
[Date "2020.05.26"]
[Round "9"]
[White "TheoSlade"]
[Black "warmoatmeal"]
[Result "1/2-1/2"]
[WhiteElo "2316"]
[BlackElo "2156"]
[TimeControl "180+1"]
[EndTime "11:52:45 PDT"]
[Termination "Game drawn by repetition"]

1. d4 d5 2. c4 c6 3. Nc3 Nf6 4. e3 Bf5 5. cxd5 cxd5 6. Qb3 Bc8 7. Nf3 Nc6 8. Bd3 a6 9. O-O e6 10.
Ne5 Nxe5 11. dxe5 Nd7 12. f4 Nc5 13. Qd1 Nxd3 14. Qxd3 g6 15. e4 Bc5+ 16. Be3 Bxe3+ 17. Qxe3 d4 18. Qg3 dxc3 19. bxc3 O-O 20. Rfd1 Qb6+ 21. Kh1 Rd8 22. Qg5 Bd7 23. Rd6 Qc7 24. Rad1 Qxc3 25.
h3 Qc7 26. Qe7 Re8 27. Qxd7 Qxd7 28. Rxd7 Rac8 29. Rxb7 Rc2 30. Rdd7 Rf8 31. a4 Rc4 32. a5 Ra4 33. Ra7 Rxa5 34. Rd6 Ra4 35. Rdxa6 Rxe4 36. Ra4 Rxa4 37. Rxa4 Rc8 38. Kh2 Kg7 39.
Kg3 Rc3+ 40. Kf2 h5 41. Re4 Rc2+ 42. Kf3 Rc3+ 43. Re3 Rc2 44. g4 hxg4+ 45. hxg4 Kf8 46. Ra3 Rc7 47. Ra8+ Ke7 48. Ra3 Rb7 49. Rd3 Rd7 50.
Rc3 Rb7 51. Rc4 Kd7 52. Ke4 Rc7 53. Rd4+ Ke7 54. Ra4 Rb7 55. f5 gxf5+ 56. gxf5 exf5+ 57. Kxf5 Rb1 58. Ra7+ Kf8 59. Ra6 Rf1+ 60. Ke4 Ke7 61. Ra7+ Ke6 62. Ra6+ Ke7 63. Ra4 Ke6 64. Ra6+ Ke7 1/2-1/2

[Event "*** Titled Tuesday Blitz"]
[Site "Chess.com"]
[Date "2020.05.26"]
[Round "9"]
[White "TudorAnton"]
[Black "CyberdelChess"]
[Result "1-0"]
[WhiteElo "2444"]
[BlackElo "2273"]
[TimeControl "180+1"]
[EndTime "11:52:46 PDT"]
[Termination "TudorAnton won by checkmate"]

1. d4 d5 2. c4 c6 3. Nf3 Nf6 4. Qc2 g6 5. g3 Bg7 6. Bg2 O-O 7. O-O Bf5 8. Qb3 Qb6 9. Nc3 dxc4 10. Qxc4 Nbd7 11. Nh4 Be6 12. Qd3 Rad8 13. e3 Ne5 14. Qc2 Nc4 15. b3 Nd6 16. Bb2 Nf5 17. Nxf5 Bxf5 18.
e4 Bc8 19. Rad1 h5 20. Na4 Qa5 21. Bc3 Qc7 22. Rfe1 h4 23. Bb2 hxg3 24. hxg3 Qa5 25. Ba3 Rfe8 26. Bc1 Qh5 27. f3 Bh3 28. Be3 Bc8 29. Nc5 Nd7 30. Nd3 e5 31. dxe5 Nxe5 32.
Nxe5 Bxe5 33. f4 Bb8 34. e5 Bf5 35. Rxd8 Rxd8 36. Qf2 a6 37. Bb6 Rd3 38. Be3 Bc7 39. Bf1 Rd1 40. Rxd1 Qxd1 41. Qd2 Qg4 42. Bf2 Be4 43.
Qe2 Bf3 44. Qe3 Qh5 45. Bg2 Bxg2 46. Kxg2 Qd1 47. Qe4 Qd2 48. e6 Bb6 49. e7 Qxf2+ 50. Kh3 Qf1+ 51. Kh4 Kg7 52. e8=Q Qg1 53. Q4e5+ f6 54.
Q5e7+ Kh6 55. Q8f8# 1-0

[Event "*** Titled Tuesday Blitz"]
[Site "Chess.com"]
[Date "2020.05.26"]
[Round "9"]
[White "MiroVlasenko"]
[Black "Anna_ChessMate"]
[Result "0-1"]
[WhiteElo "2655"]
[BlackElo "2549"]
[TimeControl "180+1"]
[EndTime "11:52:47 PDT"]
[Termination "Anna_ChessMate won by resignation"]

1. e4 e5 2. Nc3 Nf6 3. Bc4 c6 4. Nf3 d5 5. exd5 cxd5 6. Bb5+ Bd7 7. Nxe5 Bxb5 8. Nxb5 a6 9. Nd4 Bc5 10. Nb3 Bd6 11.
d4 O-O 12. O-O Re8 13. Re1 Ne4 14. Bf4 Qf6 15. Qf3 Nc6 16. Nxc6 Bxf4 17. Nb4 Bxh2+ 18. Kxh2 Qd6+ 19. g3 Qxb4 20. c3 Qd6 21. Kg2 Re6 22. Re2 Rf6 23. Qd3 h5 24. Nd2 Ng5 25. Rh1 g6 26.
Re5 Ne6 27. Nf3 Kg7 28. Qe3 b5 29. a3 a5 30. Ng5 Nc7 31. Nh3 b4 32. axb4 axb4 33.
Nf4 Kf8 34. Nd3 bxc3 35. bxc3 Ra2 36. Qh6+ Kg8 37. Nf4 Ne6 38. Nxd5 Rfxf2+ 39. Kh3 Ng7 40. Qg5 Qd7+ 41. g4 hxg4+ 42. Qxg4 Rh2+ 43. Rxh2 Qxg4+ 44. Kxg4 Rxh2 45. Nf6+ Kf8 46. d5 Rd2 47. c4 Rd4+ 48.
Kg5 Rxc4 49. d6 Rd4 50. d7 Ne6+ 51. Rxe6 fxe6 52. Kxg6 Ke7 53. Kg5 Rd1 54. Ng4 Kxd7 55. Ne5+ Kd6 56. Nf7+ Kd5 57. Kf4 Rf1+ 0-1

[Event "*** Titled Tuesday Blitz"]
[Site "Chess.com"]
[Date "2020.05.26"]
[Round "9"]
[White "Jumbo"]
[Black "VincentKeymer"]
[Result "0-1"]
[WhiteElo "2868"]
[BlackElo "2857"]
[TimeControl "180+1"]
[EndTime "11:52:48 PDT"]
[Termination "VincentKeymer won on time"]

1. d4 Nf6 2. Bf4 d5 3. e3 e6 4.
Nf3 Bd6 5. Bg3 O-O 6. c4 c5 7.
dxc5 Bxc5 8. Nc3 Nc6 9. a3 a6 10. Bh4 d4 11. Na4 Ba7 12. c5 e5 13. Be2 Bf5 14. Nd2 h6 15. e4 Be6 16. Bd3 g5 17. Bg3 Nd7 18. b4 b5 19. cxb6 Bxb6 20. Rc1 Ne7 21. Nc4 Bc7 22. O-O Ng6 23. Re1 g4 24. f3 h5 25. fxg4 Bxg4 26. Be2 Bxe2 27. Qxe2 h4 28.
Bf2 Qg5 29. Nd2 Rac8 30. Nf3 Qf6 31. Kh1 Bb8 32. Rxc8 Rxc8 33. Rf1 Kg7 34. Qe1 h3 35. Bg3 hxg2+ 36. Kxg2 Rc2+ 37. Kh1 Qc6 38. Nc5 Nxc5 39. bxc5 Rxc5 40. Ng5 f6 41. Nh3 Rc3 42. Nf2 Re3 43. Qd1 f5 44. Qh5 f4 45. Bh4 Rxe4 46. Nxe4 Qxe4+ 47. Kg1 d3 48. Bg5 Ba7+ 0-1

[Event "*** Titled Tuesday Blitz"]
[Site "Chess.com"]
[Date "2020.05.26"]
[Round "9"]
[White "KNVB"]
[Black "Korchmar_Vasiliy"]
[Result "0-1"]
[WhiteElo "2750"]
[BlackElo "2588"]
[TimeControl "180+1"]
[EndTime "11:52:50 PDT"]
[Termination "Korchmar_Vasiliy won by checkmate"]

1. b3 d5 2. Bb2 Bf5 3. Nf3 e6 4. e3 Nf6 5. Nc3 Be7 6. Rg1 O-O 7. Nh4 Bg4 8. f3 Bh5 9. g3 c5 10. Ng2 d4 11. Nb5 e5 12. g4 Bg6 13. e4 Ne8 14.
Qe2 a6 15. Na3 b5 16. c4 b4 17. Nc2 Nc6 18. d3 a5 19. a4 bxa3 20. Bxa3 Rb8 21. Rb1 a4 22. Kf2 axb3 23. Nce1 Qa5 24. Bb2 Nc7 25.
h4 f6 26. f4 exf4 27. Nxf4 Ne5 28. Nf3 Qb6 29. Bh3 Ra8 30. h5 Bf7 31. Nh4 g6 32. Kg3 Ra2 33. hxg6 hxg6 34. Nd5 Nxd5 35. exd5 Bd6 36.
Kg2 Re8 37. Rge1 Nxc4 38. Qxe8+ Bxe8 39. Rxe8+ Kf7 40. Re6 Rxb2+ 41. Rxb2 Nxb2 42. g5 fxg5 43. Nxg6 Qb4 44. Bf5 Qd2+ 45. Kf3 Qd1+ 46. Kg2 Qd2+ 47. Kf3 Qd1+ 48. Kg2 Qc2+ 49. Kf3 Bf4 50. Nh8+ Kg8 51.
Re8+ Kg7 52. d6 Qd1+ 53. Ke4 Qh1# 0-1

[Event "*** Titled Tuesday Blitz"]
[Site "Chess.com"]
[Date "2020.05.26"]
[Round "9"]
[White "Igor_Lysyj"]
[Black "Joshukid"]
[Result "1-0"]
[WhiteElo "2779"]
[BlackElo "2637"]
[TimeControl "180+1"]
[EndTime "11:52:51 PDT"]
[Termination "Igor_Lysyj won by resignation"]

1. d4 Nf6 2. c4 e6 3. Nf3 d5 4. g3 dxc4 5. Bg2 Bb4+ 6. Bd2 c5 7.
Bxb4 cxb4 8. Ne5 O-O 9. a3 Nc6 10. Bxc6 bxc6 11. axb4 Qb6 12. O-O Qxb4 13. Qd2 c5 14.
Qxb4 cxb4 15. Rc1 Bd7 16. Nxd7 Nxd7 17. Rxc4 a5 18. Nd2 Rfb8 19. b3 Nb6 20. Rc5 a4 21. Rb5 Nd5 22. Rxa4 Nc3 23. Rxa8 Rxa8 24. Rxb4 Nxe2+ 25. Kf1 Nc3 26. Rc4 Nd5 27. Ra4 Rb8 28. Ne4 h5 29.
Nc5 Nc3 30. Rc4 Nd5 31. Ke1 Ra8 32. Ra4 Rb8 33. Kd2 h4 34. Kd3 h3 35. Ra7 Nb4+ 36.
Kd2 Nc6 37. Ra4 Nb4 38. Nd7 Rb7 39. Ra8+ Kh7 40. Rb8 Rxd7 41. Rxb4 e5 42. Ke3 exd4+ 43. Rxd4 Rb7 44. b4 g5 45. g4 Kg6 46. Kf3 Rc7 47.
Kg3 Rc2 48. Rd6+ f6 49. b5 Rb2 50. b6 Kf7 51. Rc6 Ke7 52. f3 Rb3 53. Rc7+ Kd6 54. Rb7 Kd5 55. Rb8 Kd4 56. b7 1-0

[Event "*** Titled Tuesday Blitz"]
[Site "Chess.com"]
[Date "2020.05.26"]
[Round "9"]
[White "witcher8"]
[Black "albi1999"]
[Result "1-0"]
[WhiteElo "2464"]
[BlackElo "2603"]
[TimeControl "180+1"]
[EndTime "11:52:52 PDT"]
[Termination "witcher8 won by resignation"]

1. e4 c6 2. d4 d5 3. e5 Bf5 4. h4 h5 5. c4 e6 6. Bg5 Qb6 7. Qd2 Ne7 8. Nc3 Nd7 9. Nge2 dxc4 10. Ng3 Bd3 11. Bxd3 cxd3 12. Qxd3 Nd5 13. Nge4 Nb4 14.
Qd2 Qa6 15. Rd1 Nb6 16. a3 N4d5 17. g3 Rc8 18. f3 Qc4 19. Kf2 Nxc3 20. Nxc3 Nd5 21.
Ne4 Qb5 22. Rc1 a5 23. Rhd1 Qb6 24. Kg2 Kd7 25. Kh3 Ra8 26. Rc4 Qb3 27. Qe2 Ra6 28.
Rdc1 Rb6 29. R1c2 Qb5 30. f4 Ra6 31. Qf3 Rb6 32. f5 Qb3 33. fxe6+ Kxe6 34. Qe2 Be7 35.
Bxe7 Nf4+ 36. Kh2 Nxe2 37. Bd6 Qf3 38. Ng5+ Kf5 39. Nxf3 Ke4 40. Rxe2+ Kxf3 41. Rec2 Ke4 42. Re2+ Kd3 43. Rec2 Ke4 44. Kg2 Rb3 45. Bc5 Kd5 46. R4c3 Rb5 47. a4 Rxc5 48. Rxc5+ Kxd4 49. Rxa5 b6 50. Ra6 Rb8 51. Rxc6 Kxe5 52. Raxb6 Rd8 53. Rc5+ Kd4 54.
Rc3 Kd5 55. Rb4 1-0

[Event "*** Titled Tuesday Blitz"]
[Site "Chess.com"]
[Date "2020.05.26"]
[Round "9"]
[White "DivyaDeshmukh23"]
[Black "XDPS"]
[Result "0-1"]
[WhiteElo "2429"]
[BlackElo "2685"]
[TimeControl "180+1"]
[EndTime "11:52:52 PDT"]
[Termination "XDPS won by resignation"]

1. e4 c5 2. Nf3 e6 3. d4 cxd4 4. Nxd4 a6 5. Bd3 g6 6. O-O Bg7 7. Be3 Ne7 8. f4 Nbc6 9. Nxc6 bxc6 10. c3 d5 11. e5 O-O 12. Nd2 a5 13. Qe2 a4 14.
Bc5 Re8 15. b4 Nf5 16. g4 Ne7 17. Nf3 Kh8 18. Ng5 Kg8 19. Nf3 Bd7 20. Nd4 Nc8 21. Rf3 f6 22. Rh3 fxe5 23. fxe5 Qg5 24. Re1 Na7 25.
Kh1 Nb5 26. Nxb5 cxb5 27. Bd4 Rf8 28. Rg3 Rab8 29. Reg1 Rf7 30. R3g2 Rf4 31. Be3 Qxe5 32. Bxf4 Qxf4 33. Rf2 Qe5 34. Qf1 Qxc3 35. Rg3 Qxb4 36. Rf6 Qe7 37. Rf2 b4 38. Rgf3 Be8 39. Re3 b3 40. Re1 b2 41. Rfe2 Bf7 42. Bb1 a3 43. Qf3 e5 44. Qd3 e4 45. Qg3 Be5 46.
Qf2 Rc8 47. Rc2 Rxc2 48. Qxc2 Kg7 49. Qc8 Bf6 50. Qc2 Qe5 51. Qb3 Qc3 52. Qb5 Qxe1+ 0-1

[Event "*** Titled Tuesday Blitz"]
[Site "Chess.com"]
[Date "2020.05.26"]
[Round "9"]
[White "realmadridtv"]
[Black "ulkaf961"]
[Result "1/2-1/2"]
[WhiteElo "2443"]
[BlackElo "2224"]
[TimeControl "180+1"]
[EndTime "11:52:52 PDT"]
[Termination "Game drawn - insufficient material"]

1. e4 e6 2. d4 d5 3. Nc3 Nf6 4. Bg5 Be7 5. e5 Nfd7 6. Bxe7 Qxe7 7. f4 a6 8. Nf3 c5 9. dxc5 Nxc5 10. Bd3 Nc6 11.
Qe2 b5 12. O-O b4 13. Nd1 a5 14. Bb5 Bd7 15. a4 O-O 16. Nf2 Rfc8 17. Rac1 Na7 18.
Bxd7 Qxd7 19. Ng4 Ne4 20. Ng5 Nxg5 21. fxg5 Rc4 22. Qf3 Nc6 23. Qg3 Rxg4 24. Qxg4 Nxe5 25. Qf4 Ng6 26. Qf2 Rf8 27. c3 Qxa4 28. cxb4 Qxb4 29.
Rc7 Ne5 30. h3 d4 31. Qe2 Qd6 32. Qc2 d3 33. Qc5 Qxc5+ 34. Rxc5 f6 35. Rxa5 d2 36. Raa1 Rd8 37. gxf6 gxf6 38. b3 Nd3 39. Ra2 Nb4 40.
Raa1 Nc2 41. Rad1 Ne3 42. Kf2 Nxd1+ 43. Rxd1 Rd3 44. b4 Rb3 45. Rxd2 Rxb4 46. Rd7 Rb3 47. Re7 e5 48. g3 Ra3 49. h4 h5 50. Rb7 f5 51. Rb5 Ra2+ 52. Kf1 f4 53. Rxe5 fxg3 54. Rxh5 Kf7 55. Rg5 Rh2 56. h5 Kf6 57. Rxg3 Rxh5 58. Rf3+ Rf5 59. Rf2 Rxf2+ 60. Kxf2 1/2-1/2

[Event "*** Titled Tuesday Blitz"]
[Site "Chess.com"]
[Date "2020.05.26"]
[Round "9"]
[White "Kensei26"]
[Black "WonderChampion"]
[Result "0-1"]
[WhiteElo "2224"]
[BlackElo "1937"]
[TimeControl "180+1"]
[EndTime "11:52:52 PDT"]
[Termination "WonderChampion won by resignation"]

1. e4 c5 2. Nc3 g6 3. Nge2 Bg7 4. d4 cxd4 5. Nxd4 Nc6 6. Nde2 Nf6 7. g3 d6 8. Bg2 O-O 9. O-O Bg4 10. h3 Be6 11. Nf4 Qd7 12. Ncd5 Bxd5 13. Nxd5 Nxd5 14. exd5 Nd8 15. c3 b6 16. Re1 Nb7 17. Bg5 Rfe8 18. Qd2 Rac8 19. Re2 Bf6 20. h4 h5 21. Rd1 Qf5 22.
Be4 Qg4 23. Rde1 Bxg5 24. Qxg5 Qxg5 25. hxg5 Nc5 26. Bb1 Nd7 27. f4 Kf8 28. Kf2 Nc5 29. Bc2 b5 30. Kf3 a5 31. a3 Na6 32. Bd3 Rb8 33. g4 hxg4+ 34. Kxg4 Nc5 35. Bc2 b4 36. axb4 axb4 37. c4 b3 38. Bb1 Na4 39. f5 gxf5+ 40. Kxf5 Rb4 41. g6 Rxc4 42. gxf7 Kxf7 43. Rg1 Nc5 44. Rh2 Rf8 45. Rh7+ Ke8+ 46. Kg6 Rd4 47. Bf5 Rg8+ 48. Rg7 Rxg7+ 49. Kxg7 Rxd5 50. Bg6+ Kd7 51. Rg3 Rd2 52. Bf5+ Kc6 53. Kf7 Rxb2 54. Kxe7 Re2+ 55. Kd8 b2 56. Ra3 Re1 57. Bg6 b1=Q 58. Bxb1 Rxb1 59.
Ke8 d5 60. Ke7 d4 61. Kf6 d3 62. Ke5 d2 63. Ra2 d1=Q 0-1

[Event "*** Titled Tuesday Blitz"]
[Site "Chess.com"]
[Date "2020.05.26"]
[Round "9"]
[White "okriak"]
[Black "Dinamo81"]
[Result "0-1"]
[WhiteElo "2713"]
[BlackElo "2641"]
[TimeControl "180+1"]
[EndTime "11:52:53 PDT"]
[Termination "Dinamo81 won by resignation"]

1. e4 e6 2. d4 d5 3. Nd2 c5 4. exd5 exd5 5. Ngf3 Nc6 6. Bb5 cxd4 7. O-O Bd6 8. Nb3 Ne7 9. Nbxd4 O-O 10. Bg5 Qc7 11. c3 Bg4 12. Be2 Nxd4 13. Qxd4 Bxf3 14. Bxf3 Bxh2+ 15. Kh1 Be5 16. Qg4 f6 17. Qe6+ Kh8 18. Be3 Rad8 19. Rad1 Rd6 20. Qh3 Rfd8 21. g3 d4 22. cxd4 Bxd4 23. Bf4 Be5 24. Bxe5 fxe5 25. Rxd6 Rxd6 26.
Kg2 Ng8 27. Re1 Rd2 28. Re2 Rxe2 29. Bxe2 Nf6 30. Qe6 Qc6+ 31. Qxc6 bxc6 32. Kf3 Kg8 33. Ke3 Kf7 34. Bf3 Nd5+ 35. Kd3 Ke6 36. Kc4 Kd6 37. b4 Nb6+ 38. Kb3 g5 39. a4 Nd5 40. Kc4 Nb6+ 41. Kb3 Nd5 42. Kc4 Nc7 43. Bh5 h6 44. Bf3 Ne6 45.
g4 Nd4 46. Be4 Ne6 47. f3 Nc7 48. Bf5 Na8 49. Be4 Nb6+ 50. Kb3 Kc7 51. Bf5 Nc8 52.
Bxc8 Kxc8 53. Kc4 Kd7 54. Kc5 Kc7 55. b5 cxb5 56. axb5 Kb7 57. Kd5 Kb6 58. Kc4 Ka5 59.
Kc5 Ka4 60. b6 axb6+ 61. Kxb6 Kb4 62. Kc6 Kc4 63. Kd6 Kd4 64. Ke6 e4 65. fxe4 Kxe4 0-1